 Dungeon Crawl Stone Soup version 0.13-a0-3104-gb5885e9 (webtiles) character file.

97 Malachi the Magician (level 3, 0/22 HPs)
             Began as a Mummy Wizard on Sept 19, 2013.
             Slain by an adder (4 damage)
             ... on Level 2 of the Dungeon.
             The game lasted 00:03:14 (5329 turns).

Malachi the Magician (Mummy Wizard)                 Turns: 5329, Time: 00:03:14

HP   0/22        AC  2     Str 10      XL: 3   Next: 80%
MP   0/10        EV 12     Int 18      God:
Gold 37          SH  0     Dex 10      Spells:  1 memorised,  9 levels left

Res.Fire  : x . .   See Invis. : .   h - +0 orc short sword
Res.Cold  : + . .   Warding    : .   a - +0 robe
Life Prot.: + + +   Conserve   : .   (no shield)
Res.Poison: +       Res.Corr.  : .   b - +0 wizard hat
Res.Elec. : .       Clarity    : .   (no cloak)
Sust.Abil.: . .     Spirit.Shd : .   (no gloves)
Res.Mut.  : .       Stasis     : .   (no boots)
Res.Rott. : +       Flight     : .   (no amulet)
Saprovore : . . .                    (no ring)
                                     (no ring)

@: very slightly contaminated, slightly resistant to hostile enchantments,
unstealthy
A: no food or potions, fire vulnerability, restore body, cold resistance 1, life
protection 3, poison resistance, torment resistance, unbreathing
a: no special abilities


You were on level 2 of the Dungeon.
You were not hungry.

You visited 1 branch of the dungeon, and saw 2 of its levels.

You collected 17 gold pieces.

Inventory:

Hand weapons
 h - a +0,+0 orcish short sword (weapon)
Armour
 a - a +0 robe (worn)
 b - a +0 wizard hat (worn)
 j - a +0 buckler
Scrolls
 d - a scroll of random uselessness {unknown}
 e - 2 scrolls of remove curse {unknown}
 f - a scroll of magic mapping {unknown}
 g - a scroll of fear {unknown}
 i - a scroll of identify {unknown}
Books
 c - a book of Minor Magic

   Spells                             Type                      Level
   *Magic Dart                        Conjuration                  1
   Blink                              Translocation                2
   Call Imp                           Summoning                    2
   Repel Missiles                     Charms/Air                   2
   Slow                               Hexes                        2
   Conjure Flame                      Conjuration/Fire             3
   Mephitic Cloud                     Conjuration/Poison/Air       3


   Skills:
 + Level 1.7 Dodging
 + Level 1.9 Stealth
 + Level 4.0 Spellcasting
 + Level 1.5 Conjurations
   Level 0.7 Summonings
   Level 0.7 Translocations


You had 9 spell levels left.
You knew the following spells:

 Your Spells              Type           Power        Failure   Level  Hunger
a - Magic Dart            Conj           #...         10%         1    N/A

Dungeon Overview and Level Annotations

Branches:
Dungeon (2/27)

Altars:
Ashenzari


Innate Abilities, Weirdness & Mutations

You do not eat or drink.
Your flesh is vulnerable to fire.
Your flesh is cold resistant.
You are immune to negative energy.
Your system is resistant to poisons.
You are immune to unholy pain and torment.
You can survive without breathing.


Message History

You hit the adder.
The adder is severely wounded.
The adder completely misses you. The adder bites you but does no damage.
You hit the adder but do no damage.
The adder is severely wounded.
The adder bites you.
You hit the adder.
The adder is almost dead.
The adder bites you.
* * * LOW HITPOINT WARNING * * *
The adder barely misses you.
Casting: Magic Dart
Confirm with . or Enter, or press ? or * to list all spells.
Aiming: Magic Dart
Press: ? - help, Shift-Dir - straight line, f/p - adder
Aim: an adder (almost dead)
The magic dart hits the adder.
The adder is almost dead.
The adder bites you.
You die...

#.#..##.#.# #.#.# ...
#.###.#..##.#.# # #.#.#.K...
#........##.#.# .## #.#.#.....
#........##.#.##.##.##.#.)..._..
##.......)%...............#
#.........###...#######.#.#
..#.#...#%# #...##........# ##
##.##.###...##........####.
##[.#####..##...@S..............
#...........##..##.........#...
...8..<))8......##..)....%.# #.
#...........##..############
##..#####..##...# ## #.###...#
#.# #.### #.. .. ###


You could see an adder.

Vanquished Creatures
  2 adders (D:2)
  2 giant geckos (D:1)
  6 bats (D:1)
  A giant cockroach (D:1)
  6 hobgoblins
  5 giant newts (D:1)
  6 goblins
  6 kobolds
  11 rats
45 creatures vanquished.

Notes
Turn   | Place    | Note
--------------------------------------------------------------
     0 | D:1      | Malachi, the Mummy Wizard, began the quest for the Orb.
     0 | D:1      | Reached XP level 1. HP: 11/11 MP: 5/5
   584 | D:1      | Reached XP level 2. HP: 17/17 MP: 1/7
  1009 | D:1      | Reached skill level 1 in Conjurations
  3602 | D:1      | Reached XP level 3. HP: 15/22 MP: 1/9
  4832 | D:1      | Noticed a giant slug
  5125 | D:2      | Reached skill level 4 in Spellcasting
  5302 | D:2      | Found a shattered altar of Ashenzari.
  5329 | D:2      | Slain by an adder

Action                   || total
-------------------------++-------
Melee: Short sword       ||     8
 Cast: Magic Dart        ||   108
